 Dungeon Crawl Stone Soup version 0.26-a0-1177-g1209ec82b9 (webtiles) character file.

Game seed: 16919121700318009158

850 sahdkjhfkaj the Spear-Bearer (level 8, -2/64 HPs)
             Began as a Merfolk Berserker on Dec 24, 2020.
             Was a Priest of Trog.
             Killed from afar by Dowan (17 damage)
             ... with a shard of ice
             ... on level 4 of the Dungeon.
             The game lasted 00:05:30 (3794 turns).

sahdkjhfkaj the Spear-Bearer (Merfolk Berserker)    Turns: 3794, Time: 00:05:31

Health: -2/64      AC: 11    Str: 19    XL:     8   Next: 1%
Magic:  0/8        EV: 11    Int:  6    God:    Trog [***...]
Gold:   207        SH:  0    Dex: 14    Spells: 7/7 levels left

rFire    . . .     SeeInvis .   a - +0 spear
rCold    . . .     Faith    .   (no shield)
rNeg     . . .     Spirit   +   f - +0 scale mail
rPois    .         Reflect  .   (no helmet)
rElec    .         Harm     .   p - +2 cloak
rCorr    .         Rampage  .   l - +1 pair of gloves
Will     .....                  (no boots)
Stlth    ..........             i - amulet of guardian spirit
HPRegen  0.20/turn              (no ring)
MPRegen  0.11/turn              (no ring)

@: berserk cooldown, slowed, very slow
A: change form in water, swift swim, stealthy swim
a: Renounce Religion, Berserk, Trog's Hand


You were on level 4 of the Dungeon.
You worshipped Trog.
Trog was most pleased with you.
You visited 1 branch of the dungeon, and saw 4 of its levels.

You collected 207 gold pieces.

Inventory:

Hand Weapons
 a - a +0 spear (weapon)
Armour
 f - a +0 scale mail (worn)
 l - a +1 pair of gloves (worn)
 p - a +2 cloak (worn)
Jewellery
 g - an uncursed ring of stealth {unknown}
 i - an amulet of guardian spirit (around neck)
 m - an uncursed ring of fire
 t - a cursed ring of teleportation {unknown}
Wands
 h - a wand of flame (10)
Scrolls
 d - 3 scrolls of teleportation {!r}
 e - 2 scrolls of enchant armour
 q - a scroll of blinking
 s - 3 scrolls of enchant weapon
Potions
 b - 2 potions of heal wounds
 c - a potion of curing
 k - 2 potions of brilliance
 n - a potion of attraction {unknown}
 o - a potion of lignification {unknown}
 r - a potion of flight {unknown}


   Skills:
 - Level 6.0 Fighting
 + Level 11.2 Polearms
 - Level 1.3 Armour
 - Level 3.1 Dodging


You had 7 spell levels left.
You didn't know any spells.
Your spell library was empty.

Dungeon Overview and Level Annotations

Branches:
Dungeon (4/15)
 Temple: D:4-7

Altars:
Zin

Annotations:
D:4 Dowan


Message History

Dowan hits you with a +2 dagger of protection.
You barely miss Dowan.
Dowan is almost dead.
Dowan hits you but does no damage.
You hit Dowan but do no damage.
Dowan is almost dead.
Dowan gestures at you while chanting. The stone arrow hits you!
* * * LOW HITPOINT WARNING * * *
Dowan hits you with a +2 dagger of protection.
* * * LOW HITPOINT WARNING * * *
You hit Dowan but do no damage.
Dowan is almost dead.
Dowan hits you with a +2 dagger of protection.
* * * LOW HITPOINT WARNING * * *
You hit Dowan.
Dowan is almost dead.
Dowan gestures at you while chanting. The shard of ice hits you!
You die...

#..............
#..............
#.......>.....
#.............
#............#
#...?........ .
#...e........
..
#...)@)......
...
##.(...##....#
....
#..#/....)..##
.....
###.####.....##
......#..##
###..##
.........# ..#
....####.##
#..# .. #..#
..# #..# #..


You could see Dowan (fast).

Vanquished Creatures
  Grinder (D:4)
  Sigmund (D:2)
  Duvessa (D:4)
  An orc warrior (D:2)
  Crazy Yiuf (D:2)
  2 orc priests (D:2)
  Robin (D:2)
  7 gnolls
  4 adders
  2 oozes
  3 worms
  4 dart slugs
  2 leopard geckos
  2 orcs
  14 goblins
  13 hobgoblins
  13 jackals
  2 quokkas (D:4)
  A ball python skeleton (D:4)
  8 bats
  3 frilled lizards (D:1)
  5 kobolds
  8 rats
99 creatures vanquished.

Notes
Turn   | Place    | Note
-------+----------+-------------------------------------------
     0 | D:1      | sahdkjhfkaj the Merfolk Berserker began the quest for the
                  | Orb.
     0 | D:1      | Reached XP level 1. HP: 18/18 MP: 1/1
   230 | D:1      | Reached XP level 2. HP: 20/24 MP: 2/2
   386 | D:1      | Reached skill level 5 in Polearms
   687 | D:1      | Reached XP level 3. HP: 24/30 MP: 3/3
  1252 | D:2      | Found a runed translucent door.
  1253 | D:2      | Noticed Crazy Yiuf
  1282 | D:2      | Found a glowing silver altar of Zin.
  1563 | D:2      | Noticed an orc warrior
  1597 | D:2      | Killed an orc warrior
  1598 | D:2      | Reached skill level 5 in Fighting
  1598 | D:2      | Reached XP level 4. HP: 17/40 MP: 1/4
  1598 | D:2      | Reached XP level 5. HP: 20/46 MP: 1/5
  1872 | D:2      | Reached ** piety under Trog
  1900 | D:2      | Reached skill level 6 in Polearms
  1924 | D:2      | Noticed Robin
  1980 | D:2      | Killed Robin
  2115 | D:2      | Noticed Sigmund
  2145 | D:2      | Killed Sigmund
  2146 | D:2      | Reached skill level 8 in Polearms
  2146 | D:2      | Reached XP level 6. HP: 52/52 MP: 4/6
  2440 | D:2      | Killed Crazy Yiuf
  2538 | D:2      | Reached XP level 7. HP: 58/58 MP: 5/7
  2762 | D:2      | Reached skill level 9 in Polearms
  3211 | D:3      | Reached *** piety under Trog
  3732 | D:4      | Noticed Grinder
  3735 | D:4      | Noticed Dowan
  3741 | D:4      | Noticed Duvessa
  3752 | D:4      | Killed Grinder
  3753 | D:4      | Reached skill level 10 in Polearms
  3765 | D:4      | Killed Duvessa
  3766 | D:4      | Reached skill level 11 in Polearms
  3766 | D:4      | Reached XP level 8. HP: 64/64 MP: 6/8
  3794 | D:4      | Killed from afar by Dowan

Illustrated notes

Levels and vault maps discovered:
D:1:      minmay_arrival_shattered_statue, layout_basic
D:2:      kennysheep_six_static_rooms, layout_basic, lemuel_round_altar,
          minmay_misc_feat_doors, grunt_decor_cap, uniq_robin, uniq_sigmund,
          uniq_crazy_yiuf_cottage
D:3:      layout_rooms
D:4:      layout_cave_pods, uniq_grinder, uniq_duvessa

Skill      XL: |  1  2  3  4  5  6  7 |
---------------+----------------------+-----
Dodging        | 3 |  3.1
Polearms       | 5 8 11 | 11.2
Fighting       | 5 6 |  6.0
Armour         | |  1.3

Action                   |  1- 3 |  4- 6 |  7- 9 || total
-------------------------+-------+-------+-------++-------
Melee: Spear             |   105 |   115 |   190 ||   410
Invok: Berserk           |     1 |     3 |     5 ||     9
       Trog's Hand       |       |       |     1 ||     1
  Use: Scroll            |     1 |       |     8 ||     9
       Potion            |     1 |       |       ||     1
Armor: Animal skin       |     3 |       |       ||     3
       Ring mail         |    18 |    23 |    15 ||    56
       Scale mail        |       |       |    38 ||    38
Dodge: Dodged            |    51 |    55 |    94 ||   200

Table legend: (Time is in decaauts)
 A = Elapsed time spent in this place.
 B = Non-inter-level travel time spent in this place.
 C = Inter-level travel time spent in this place.
 D = Time resting spent in this place.
 E = Time spent auto-exploring this place.
 F = Levels seen in this place.
 G = Mean time per level.
                   A        B        C        D        E       F      G
               +--------+--------+--------+--------+--------+-----+--------+
         Total |   3749 |   3644 |    105 |    717 |   2319 |   4 |  937.2 |
       Dungeon |   3749 |   3644 |    105 |    717 |   2319 |   4 |  937.2 |
               +--------+--------+--------+--------+--------+-----+--------+

Top non-repeatable levels by time:
     D:2: 1759 daAuts
     D:1: 1087 daAuts
     D:3: 601 daAuts
     D:4: 301 daAuts
